 Dungeon Crawl Stone Soup version 0.31.0-11-ge490571c62 (webtiles) character file.

Game seed: 14970230021612309452

5 hawla the Conjurer (level 1, -1/10 HPs)
             Began as a Deep Elf Conjurer on Jan 29, 2024.
             Succumbed to an adder's poison
             ... on level 2 of the Dungeon.
             The game lasted 00:01:13 (371 turns).

hawla the Conjurer (Deep Elf Conjurer)               Turns: 371, Time: 00:01:13

Health: -1/10      AC:  3    Str:  4    XL:     1   Next: 66%
Magic:  2/7        EV: 12    Int: 22    God:
Gold:   17         SH:  0    Dex: 13    Spells: 6/7 levels left

rFire   . . .        (no weapon)
rCold   . . .        (no shield)
rNeg    . . .        a - +1 robe
rPois   .            (no helmet)
rElec   .            (no cloak)
rCorr   +            (no gloves)
SInv    .            (no boots)
Will    .....        (no amulet)
Stlth   +            f - ring of resist corrosion
HPRegen 0.21/turn    (no ring)
MPRegen 0.10/turn

%: no passive effects
@: lethally poisoned (-1 -> -15), silenced
A: no striking features
a: no special abilities


You were on level 2 of the Dungeon.
You visited 1 branch of the dungeon, and saw 2 of its levels.

You collected 17 gold pieces.

Inventory:

Armour
 a - a +1 robe (worn)
Jewellery
 f - a ring of resist corrosion (left hand)
 g - a +6 ring of strength
Potions
 b - a potion of magic
 h - a potion of heal wounds


   Skills:
 - Level 2.4 Dodging
 - Level 2.4 Stealth
 + Level 3.6 Spellcasting
 - Level 4.3 Conjurations


You had 6 spell levels left.
You knew the following spells:

 Your Spells              Type           Power      Damage    Failure   Level
a - Magic Dart            Conj           92%        1d7       1%          1

Your spell library contained the following spells:

 Spells                   Type           Power      Damage    Failure   Level
 Searing Ray              Conj           46%        2d6       3%          2
 Fulminant Prism          Conj/Alch      6%         3d7       43%         4
 Iskenderun's Mystic Bla  Conj/Tloc      13%        2d5       43%         4


Dungeon Overview and Level Annotations

Branches:
Dungeon (1/15)

Altars:

Annotations:
D:2 Sigmund


Message History

You miss the adder.
The adder is heavily wounded.
The adder closely misses you. The adder misses you.
You closely miss the adder.
The adder is heavily wounded.
The adder closely misses you.
You miss the adder.
The adder is heavily wounded.
The adder completely misses you.
You miss the adder.
The adder is heavily wounded.
The adder bites you but does no damage. The adder barely misses you.
The adder bites you.
You see here a giant cockroach corpse.
An adder comes into view.
The adder barely misses you. The adder attacks as it pursues you!
The adder barely misses you. The adder barely misses you.
The adder closely misses you. The adder attacks as it pursues you!
The adder bites you but does no damage. The adder bites you.
A goblin comes into view. It is wielding a +0 club.
The adder attacks as it pursues you! The adder closely misses you.
The adder bites you.
Found 2 gold pieces.
The adder attacks as it pursues you! The adder bites you.
* * * LOW HITPOINT WARNING * * *
You are lethally poisoned!
The adder poisons you! The adder bites you.
* * * LOW HITPOINT WARNING * * *
You are more poisoned.
The adder poisons you!
It was a potion of heal wounds.
You feel much better.
You feel sick. The adder closely misses you.
An adder comes into view.
The adder bites you.
You are lethally poisoned!
The adder poisons you! The adder bites you.
* * * LOW HITPOINT WARNING * * *
You closely miss the adder.
The adder is heavily wounded.
You die...

.....$....# #.........#
##........# ..........#
.......g.. S........#
#........# ###++
.......@.# ##≈...
##....SS.# ##.....
#.#.....# ##......
#......## ##......≈
.....#...#######...§.≈≈≈
.##......†...##§....≈≈##
#.###..†####≈....§§##
... #.#.# #.§..≈≈##
..#.###...# #....≈##


You could see 3 adders and a goblin.

Vanquished Creatures
  2 endoplasms (D:1)
  A giant cockroach (D:2)
  A bat (D:2)
  A kobold (D:2)
5 creatures vanquished.

Notes
Turn   | Place    | Note
-------+----------+-------------------------------------------
     0 | D:1      | hawla the Deep Elf Conjurer began the quest for the Orb.
     0 | D:1      | Reached XP level 1. HP: 10/10 MP: 6/6
   270 | D:1      | You fall into a shaft and drop 1 floor!
   337 | D:2      | Noticed Sigmund
   371 | D:2      | Succumbed to an adder's poison

Illustrated notes

Levels and vault maps discovered:
D:1:      dpeg_chamrin_arrival_tetris, layout_basic, st_stairs_10,
          hangedman_decor_growths, minmay_misc_feat_square,
          minmay_misc_feat_nine_boxes, dreamdust_wishing_well
D:2:      layout_rooms, basic_ecumenical_altar, kennysheep_donut,
          minmay_fractal_squares_5, uniq_sigmund, uniq_robin

Action                     || total
---------------------------++-------
  Melee: Unarmed           ||     6
   Cast: Magic Dart        ||    14
    Use: Scroll            ||     3
         Potion            ||     2
 Armour: Robe              ||    16
  Dodge: Dodged            ||    18
